 Dungeon Crawl Stone Soup version 0.20-a0-1043-gbd57889 (webtiles) character file.

5805 theAP the Warrior (level 10, 0/76 HPs)
             Began as a Gargoyle Fighter on Apr 24, 2017.
             Was an Initiate of Gozag.
             Slain by a troll (9 damage)
             ... on level 9 of the Dungeon.
             The game lasted 00:14:27 (7900 turns).

theAP the Warrior (Gargoyle Fighter)                Turns: 7900, Time: 00:14:27

Health: 0/76       AC: 22    Str: 22    XL:     10   Next: 79%
Magic:  10/10      EV:  7    Int: 10    God:    Gozag
Gold:   734        SH: 10    Dex:  9    Spells: 9/9 levels left

rFire    . . .     SeeInvis .   a - +1 flail
rCold    . . .     Gourm    .   c - +1 shield
rNeg     + . .     Faith    .   b - +0 scale mail
rPois    ∞         Spirit   .   B - +2 helmet
rElec    +         Reflect  .   k - scarf {repulsion}
rCorr    .         Harm     .   x - +0 pair of gloves
MR       .....                  (no boots)
Stlth    ..........             (no amulet)
Regen    0.3/turn               l - +3 ring of protection
MPRegen  0.2/turn               K - +1 ring of protection

@: gold aura, repel missiles
A: negative energy resistance 1, electricity resistance, unbreathing,
petrification resistance, rot immunity, AC +7
a: Potion Petition, Call Merchant, Bribe Branch, Renounce Religion


You were on level 9 of the Dungeon.
You worshipped Gozag.
Gozag was pleased with you.
You were very hungry.

You visited 2 branches of the dungeon, and saw 10 of its levels.
You also visited: Ossuary.

You collected 841 gold pieces.
You paid 107 gold pieces to Gozag.

Inventory:

Hand Weapons
 a - a +1 flail (weapon)
 H - a -1 whip
Armour
 b - a +0 scale mail (worn)
 c - a +1 shield (worn)
 k - a scarf of repulsion (worn)
 x - a +0 pair of gloves (worn)
 B - a +2 helmet (worn)
 C - a +2 cloak
Jewellery
 h - an uncursed ring of see invisible
 l - a +3 ring of protection (left hand)
 m - an uncursed ring of teleportation
 K - a +1 ring of protection (right hand)
Scrolls
 e - 2 scrolls of identify
 g - a scroll of enchant weapon
 i - 6 scrolls of remove curse
 j - a scroll of blinking {unknown}
 r - 2 scrolls of recharging
 u - 7 scrolls of teleportation
 y - 3 scrolls of fear
 E - 2 scrolls of amnesia
Potions
 d - 4 potions of might
 n - 2 potions of flight
 q - 3 potions of haste
 s - a potion of magic {unknown}
 t - 4 potions of lignification
 v - 4 potions of brilliance
 w - 5 potions of resistance
 A - a potion of mutation
 D - 2 potions of cancellation
 F - 4 potions of agility {unknown}
 I - a potion of curing {unknown}
Books
 J - a book of Misfortune

   Spells                             Type                      Level
   a - Confusing Touch                Hexes                        1
   b - Confuse                        Hexes                        3
   c - Gell's Gravitas                Translocation                3
   d - Petrify                        Transmutation/Earth          4
   e - Metabolic Englaciation         Hexes/Ice                    5
   f - Yara's Violent Unravelling     Hexes/Transmutation          5
Comestibles
 f - 8 bread rations
 p - 8 meat rations


   Skills:
 + Level 15.1 Fighting
 * Level 10.3 Maces & Flails
 - Level 3.2 Armour
 - Level 3.2 Shields


You had 9 spell levels left.
You didn't know any spells.

Dungeon Overview and Level Annotations

Branches:
Dungeon (9/15)             Temple (1/1) D:5
   Lair: D:8-11         Orc: D:9-12

Altars:
Ashenzari
Cheibriados
Dithmenos
Elyvilon
Fedhas
Gozag
Hepliaklqana
Kikubaaqudgha
Makhleb
Nemelex Xobeh
Okawaru
Qazlal
Ru
Sif Muna
Trog
Uskayaw
Vehumet
Wu Jian
Xom
Yredelemnul
Zin
The Shining One

Shops:
D:9 !


Innate Abilities, Weirdness & Mutations

You are resistant to torment.
Your stone body is resilient. (AC +7)
You are immune to poison.
You resist negative energy. (rN+)
You are resistant to electric shocks. (rElec)
You can survive without breathing.
You are immune to petrification.
You are immune to rotting.


Message History

The troll is almost dead.
The troll bites you.
* * * LOW HITPOINT WARNING * * *
You block the troll's attack. The troll barely misses you.
Your shield and scale mail prevent you from hitting the troll.
The troll is almost dead.
The troll bites you but does no damage. The troll claws you but does no damage.
The troll claws you.
* * * LOW HITPOINT WARNING * * *
Okay, then.
You barely miss the troll.
The troll is almost dead.
You block the troll's attack. The troll claws you.
* * * LOW HITPOINT WARNING * * *
The troll claws you but does no damage.
You hit the troll but do no damage.
The troll is almost dead.
The troll bites you!
You die...
Your body crumbles into a pile of gold.

###..## ##.# T.#.### #.#
....... #.# .......
#.#####.. .......
#.#<..... .......
#...###(. ....(..
####......<# ####.......
#......########.@Tr......
.......#........##$......
.........######## .#.....
.........# ## ##..
.........# . .........#
.......>## ........#
........#


You could see a troll and a quokka.

Vanquished Creatures
  A two-headed ogre (D:9)
  Joseph (D:8)
  A troll (D:8)
  Prince Ribbit (D:8)
  6 yaks (D:9)
  The ghost of murphy the Skirmisher, an amateur GnWn (Ossuary)
  2 orc warriors (D:8)
  A sky beast (D:7)
  An ice beast (D:7)
  A phantom (D:9)
  A necrophage (D:7)
  An ogre (D:4)
  The ghost of jrtrd the Caller, an amateur TeSu (D:5)
  A bullfrog (D:8)
  4 scorpions
  2 bullfrog zombies
  2 centaur zombies (Ossuary)
  3 crimson imps
  A human zombie (Ossuary)
  4 hounds
  A gnoll shaman (D:6)
  7 orc priests
  5 jellies
  6 orc wizards
  3 iguanas
  3 worker ants
  3 big kobold zombies (Ossuary)
  A hound zombie (Ossuary)
  3 mummies (Ossuary)
  A howler monkey zombie (D:6)
  A worker ant zombie (D:5)
  7 gnolls
  10 adders
  A shadow imp (D:7)
  An ooze (D:5)
  9 adder zombies
  4 adder skeletons
  2 worms (D:6)
  A dart slug (D:1)
  7 leopard geckos
  24 orcs
  7 ball pythons (D:3)
  5 bats
  5 giant cockroaches
  4 goblins
  8 hobgoblins
  6 jackals
  4 quokkas
  A frilled lizard (D:1)
  A giant cockroach zombie (D:5)
  4 goblin zombies (Ossuary)
  3 hobgoblin zombies (Ossuary)
  2 jackal skeletons
  4 jackal zombies (Ossuary)
  9 kobolds
  5 kobold zombies (Ossuary)
  A leopard gecko skeleton (D:5)
  2 quokka zombies (Ossuary)
  6 rats
  3 rat zombies (Ossuary)
216 creatures vanquished.

Vanquished Creatures (others)
  An orc wizard (D:6)
1 creature vanquished.

Grand Total: 217 creatures vanquished

Notes
Turn   | Place    | Note
-------+----------+-------------------------------------------
     0 | D:1      | theAP the Gargoyle Fighter began the quest for the Orb.
     0 | D:1      | Reached XP level 1. HP: 14/14 MP: 1/1
   119 | D:1      | Reached XP level 2. HP: 18/19 MP: 2/2
   605 | D:2      | Reached XP level 3. HP: 20/24 MP: 3/3
   695 | D:2      | Found a faded altar of an unknown god.
   908 | D:2      | Reached skill level 4 in Fighting
  1016 | D:2      | Reached XP level 4. HP: 29/29 MP: 4/4
  2390 | D:4      | Reached XP level 5. HP: 30/34 MP: 5/5
  2555 | D:4      | Noticed an ogre
  2565 | D:4      | Killed an ogre
  2565 | D:4      | Reached skill level 5 in Maces & Flails
  2565 | D:4      | Reached XP level 6. HP: 20/40 MP: 6/6
  2667 | D:4      | Reached skill level 5 in Fighting
  3001 | D:4      | Found an iron altar of Okawaru.
  3001 | D:4      | Found a hazy altar of Hepliaklqana.
  3157 | D:5      | Entered Level 5 of the Dungeon
  3303 | D:5      | Noticed jrtrd's ghost (amateur TeSu)
  3321 | D:5      | Killed jrtrd's ghost
  3321 | D:5      | Reached XP level 7. HP: 44/44 MP: 7/7
  3405 | D:5      | Found a staircase to the Ecumenical Temple.
  3446 | D:5      | Found a sand-covered staircase.
  3451 | Ossuary  | Entered an ossuary
  3499 | Ossuary  | Noticed murphy's ghost (amateur GnWn)
  3515 | Ossuary  | Killed murphy's ghost
  3578 | Ossuary  | Reached skill level 6 in Fighting
  3769 | Ossuary  | Reached XP level 8. HP: 46/52 MP: 8/8
  4145 | D:5      | Reached skill level 14 in Fighting
  4145 | D:5      | Reached XP level 9. HP: 70/70 MP: 9/9
  4731 | D:6      | Found an ornate altar of the Wu Jian Council.
  5059 | D:6      | Found a sparkling altar of Nemelex Xobeh.
  5168 | Temple   | Entered the Ecumenical Temple
  5420 | Temple   | Became a worshipper of Gozag Ym Sagoz the Greedy
  6324 | D:8      | Noticed Prince Ribbit
  6411 | D:8      | Killed Prince Ribbit
  6759 | D:8      | Reached XP level 10. HP: 76/76 MP: 10/10
  6812 | D:8      | Found a shimmering altar of Xom.
  6812 | D:8      | Found a shattered altar of Ashenzari.
  7429 | D:8      | Noticed Joseph
  7447 | D:8      | Killed Joseph
  7562 | D:9      | Found Baegryuh's Distillery.
  7589 | D:9      | Noticed a two-headed ogre
  7606 | D:9      | Killed a two-headed ogre
  7609 | D:9      | Reached skill level 15 in Fighting
  7688 | D:9      | Reached skill level 10 in Maces & Flails
  7900 | D:9      | Slain by a troll

Vault maps used:
D:1:      minmay_arrival_three_doors, lemuel_old_faithful
D:2:      chequers_ecumenical_altar_twisty, first_bread, minmay_split_cup_large
D:3:      minmay_shallow_snake_nest
D:4:      gammafunk_temple_overflow_elements, kennysheep_generic_room_8
D:5:      minmay_temple_entry_from_below_a, enter_ossuary_5
D:6:      wad_pebble_path, kennysheep_mini, overflow_temple_1_default
D:8:      chequers_temple_overflow_statue_of_worship, uniq_joseph,
          uniq_prince_ribbit1
D:9:      orc_0_dummy, basic_altar, serial_shops,
          nicolae_shop_competitors_out_of_business, nicolae_shop_crystal,
          nicolae_shop_stone
Temple:   minmay_temple_bridge_d
Ossuary:  minmay_ossuary_two_tombs

Skill      XL: |  1  2  3  4  5  6  7  8  9 10 |
---------------+-------------------------------+-----
Maces & Flails | 3 4 5 6 7 9 10 | 10.3
Fighting       | 4 5 6 14 15 | 15.1
Armour         | |  3.2
Shields        | |  3.2

Action                   |  1- 3 |  4- 6 |  7- 9 | 10-12 || total
-------------------------+-------+-------+-------+-------++-------
Melee: Flail             |   101 |   237 |   427 |   170 ||   935
  Use: Scroll            |     3 |       |    21 |       ||    24
       Potion            |       |       |     3 |       ||     3
 Stab: Distracted        |       |       |       |     1 ||     1
  Eat: Chunk             |       |     8 |     5 |       ||    13
       Royal jelly       |       |       |     1 |     1 ||     2
       Fruit             |       |       |     7 |       ||     7
Armor: Scale mail        |    59 |   146 |   217 |    83 ||   505
Dodge: Dodged            |    32 |    87 |   101 |    40 ||   260
Block: Shield            |    52 |   134 |   219 |    73 ||   478
